 Dungeon Crawl Stone Soup version 0.31-a0-1027-gfb7600b534 (webtiles) character file.

Game seed: 5365219795241998260

96 Avanven the Ruffian (level 4, -5/38 HPs)
             Began as a Naga Shapeshifter on Nov 17, 2023.
             Slain by an iguana (12 damage)
             ... on level 3 of the Dungeon.
             The game lasted 00:02:48 (1694 turns).

Avanven the Ruffian (Naga Shapeshifter)             Turns: 1694, Time: 00:02:49

Health: -5/38      AC:  2    Str: 18    XL:     4   Next: 67%
Magic:  4/4        EV: 14    Int: 10    God:
Gold:   53         SH:  0    Dex: 11    Spells: 3/3 levels left

rFire   . .          .
                       - Unarmed
rCold   . . .        (no shield)
rNeg    . . .        a - +0 animal skin
rPois   +            (helmet currently unavailable)
rElec   .            (cloak currently unavailable)
rCorr   .            k - melded +0 pair of gloves
SInv    +            (no barding)
Will    .....        (no amulet)
Stlth   +            h - +5 ring of evasion
HPRegen 0.26/turn    (no ring)
MPRegen 0.09/turn

%: no passive effects
@: beast-form, very slow
A: beast (slay +2), AC +1, large, see invisible, deformed body, poison
resistance, slowness 2, spit poison 1, naga tail 1
a: Spit Poison, Begin Untransformation


You were on level 3 of the Dungeon.
You were a hulking beast.
You visited 1 branch of the dungeon, and saw 3 of its levels.

You collected 53 gold pieces.

Inventory:

Armour
 a - a +0 animal skin (worn)
 k - a +0 pair of gloves (melded)
Jewellery
 h - a +5 ring of evasion (left hand)
 o - a ring of fire
Talismans
 c - a beast talisman (active)
 d - a flux talisman
Scrolls
 e - 2 scrolls of immolation {unknown}
 g - 4 scrolls of identify {unknown}
 i - a scroll of fear {unknown}
 m - a scroll of vulnerability {unknown}
 n - a scroll of blinking {unknown}
 p - a scroll of poison {unknown}
 r - a scroll of brand weapon {unknown}
 s - a scroll of fog {unknown}
Potions
 b - 2 potions of lignification
 f - a potion of degeneration {unknown}
 j - a potion of heal wounds {unknown}
 l - a potion of curing {unknown}
 q - a potion of haste {unknown}


   Skills:
 - Level 1.0 Fighting
 - Level 1.5 Dodging
 * Level 4.6 Unarmed Combat
 + Level 3.7 Shapeshifting


You had 3 spell levels left.
You didn't know any spells.
Your spell library was empty.

Dungeon Overview and Level Annotations

Branches:
Dungeon (3/15)

Altars:
Hepliaklqana

Annotations:
D:3 Pargi


Innate Abilities, Weirdness & Mutations

You are a hulking beast.
Your limbs bulge with bestial killing power. (Slay +2)
Your serpentine skin is tough. (AC +1)
You have supernaturally acute eyesight. (SInv)
Armour fits poorly on your strangely shaped body.
Your system is resistant to poisons. (rPois)
You cover ground very slowly.
You can spit poison.
You have a snake-like lower body.


Message History

You are too injured to fight recklessly!
You are too injured to fight recklessly!
You are too injured to fight recklessly!
You are too injured to fight recklessly!
You are too injured to fight recklessly!
You are too injured to fight recklessly!
You are too injured to fight recklessly!
You are too injured to fight recklessly!
Unknown command.
The orc barely misses you. The orc hits you with a +0 dagger.
* * * LOW HITPOINT WARNING * * *
You barely miss the orc. The orc hits you but does no damage.
You closely miss the orc. You hit the orc.
The orc is almost dead.
You hit the orc.
The orc is heavily wounded.
You barely miss the orc.
The orc is heavily wounded.
The orc misses you.
You hit the orc but do no damage.
The orc is heavily wounded.
The orc closely misses you.
You hit the orc.
You kill the orc!
You hit the orc but do no damage. Your punch misses the orc.
The orc is almost dead.
The orc closely misses you.
You barely miss the orc.
The orc is almost dead.
The orc hits you with a +0 dagger.
* * * LOW HITPOINT WARNING * * *
You hit the orc.
You kill the orc!
You hit the iguana but do no damage. The iguana bites you.
* * * LOW HITPOINT WARNING * * *
You closely miss the iguana. You punch the iguana, but do no damage.
The iguana bites you!
You die...

## ### .o
..#
#.##.##
## . ....
.#.#.
####.####
.....
#..)....#
#..#
#.##.##.#
...
#l##.# .
# #h##.#
#..# #.
#.##.#
...#
#.##.##.#
.....
#.......#
##.#.
#.......#
#.##.##.#
# #.##.#
# #
#.##.#
##.####
#.##.##.#


You could see an iguana.

Vanquished Creatures
  An orc wizard (D:3)
  An adder (D:2)
  A worm (D:3)
  4 dart slugs
  2 orcs (D:3)
  2 ball pythons
  5 endoplasms
  A goblin (D:1)
  3 hobgoblins (D:1)
  7 jackals (D:1)
  7 kobolds
  A quokka (D:1)
  6 bats
  A frilled lizard (D:1)
  4 rats (D:1)
46 creatures vanquished.

Notes
Turn   | Place    | Note
-------+----------+-------------------------------------------
     0 | D:1      | Avanven the Naga Shapeshifter began the quest for the Orb.
     0 | D:1      | Reached XP level 1. HP: 18/18 MP: 1/1
   223 | D:1      | Reached XP level 2. HP: 21/25 MP: 2/2
   471 | D:1      | Reached XP level 3. HP: 23/31 MP: 3/3
   670 | D:1      | Reached skill level 4 in Unarmed Combat
  1114 | D:2      | Found a hazy altar of Hepliaklqana.
  1156 | D:2      | Identified the +5 spear of World Downfall {flame, Will-
                  | Int+6 Dex+2 Stlth+}
  1337 | D:2      | Reached XP level 4. HP: 37/38 MP: 4/4
  1581 | D:3      | Noticed Pargi
  1694 | D:3      | Slain by an iguana

Illustrated notes

Levels and vault maps discovered:
D:1:      dpeg_arrival_boxes_within_box, layout_basic, minmay_tetromino_o2
D:2:      layout_loops_ring, basic_altar
D:3:      lemuel_castle_with_subvaults [lemuel_castle_interior_original],
          layout_loops_cross, uniq_pargi

Skill      XL: |  1  2  3 |
---------------+----------+-----
Unarmed Combat | 4 |  4.6
Fighting       | |  1.0
Dodging        | |  1.5
Shapeshifting  | |  3.7

Action                     |  1- 3 |  4- 6 || total
---------------------------+-------+-------++-------
  Melee: Unarmed           |   109 |    31 ||   140
         Punch             |     3 |     2 ||     5
Ability: Begin Untransform |     1 |       ||     1
   Stab: Sleeping          |     1 |       ||     1
 Armour: Animal skin       |    70 |    15 ||    85
  Dodge: Dodged            |    54 |    10 ||    64
   Form: Beast             |     2 |       ||     2

Table legend: (Time is in decaauts)
 A = Elapsed time spent in this place.
 B = Non-inter-level travel time spent in this place.
 C = Inter-level travel time spent in this place.
 D = Time resting spent in this place.
 E = Time spent auto-exploring this place.
 F = Levels seen in this place.
 G = Mean time per level.
                   A        B        C        D        E       F      G
               +--------+--------+--------+--------+--------+-----+--------+
         Total |   2171 |   2080 |     91 |     85 |   1583 |   3 |  723.7 |
       Dungeon |   2171 |   2080 |     91 |     85 |   1583 |   3 |  723.7 |
               +--------+--------+--------+--------+--------+-----+--------+

Top non-repeatable levels by time:
     D:1: 1222 daAuts
     D:2: 839 daAuts
     D:3: 109 daAuts
